 Dungeon Crawl Stone Soup version 0.31-b1-17-gcfd88c8481 (webtiles) character file.

Game seed: 15857222558061156436

134 jagang the Trooper (level 5, -1/42 HPs)
             Began as a Human Monk on Jan 15, 2024.
             Slain by an orc
             ... wielding a +0 morningstar
              (6 damage)
             ... on level 4 of the Dungeon.
             The game lasted 00:03:51 (2561 turns).

jagang the Trooper (Human Monk)                     Turns: 2561, Time: 00:03:52

Health: -1/42      AC:  9    Str: 11    XL:     5   Next: 17%
Magic:  5/5        EV:  6    Int: 11    God:
Gold:   118        SH:  0    Dex: 17    Spells: 4/4 levels left

rFire   . . .        r - +2 dagger (venom)
rCold   . . .        d - orb {light}
rNeg    . . .        n - +0 chain mail
rPois   .            o - +1 hat
rElec   .            (no cloak)
rCorr   .            (no gloves)
SInv    .            (no boots)
Will    .....        (no amulet) Stlth
                     (no ring)
HPRegen 0.27/turn    (no ring)
MPRegen 0.09/turn

%: no passive effects
@: glowing
A: explore regen
a: no special abilities


You were on level 4 of the Dungeon.
You visited 1 branch of the dungeon, and saw 4 of its levels.

You collected 118 gold pieces.

Inventory:

Hand Weapons
 a - a +0 falchion
 r - a +2 dagger of venom (weapon)
Missiles
 j - 5 poisoned darts (quivered)
Armour
 d - an orb of light (worn)
 n - a +0 chain mail (worn)
 o - a +1 hat (worn)
Wands
 s - a wand of mindburst (10)
Scrolls
 b - 2 scrolls of identify {unknown}
 h - 2 scrolls of immolation {unknown}
 k - a scroll of noise {unknown}
 m - a scroll of silence {unknown}
 p - a scroll of teleportation {unknown}
 q - a scroll of poison {unknown}
Potions
 c - a potion of ambrosia
 e - a potion of might {unknown}
 f - a potion of enlightenment {unknown}
 g - 2 potions of heal wounds {unknown}
 i - a potion of curing {unknown}
 l - a potion of lignification {unknown}


   Skills:
 * Level 4.1 Fighting
 * Level 4.1 Long Blades
 * Level 2.2 Armour
 - Level 3.1 Dodging


You had 4 spell levels left.
You didn't know any spells.
Your spell library was empty.

Dungeon Overview and Level Annotations

Branches:
Dungeon (4/15)
 Temple: D:4-7

Altars:
Cheibriados
Dithmenos
Elyvilon
Vehumet
Wu Jian

Annotations:
D:4 Eustachio


Innate Abilities, Weirdness & Mutations

You regain HP and MP as you explore.


Message History

The crimson imp barely misses you.
You hit the rat.
You kill the rat!
The rat's corpse disappears in a puff of smoke!
The bat hits you but does no damage. The ufetubus hits you.
The ufetubus hits you but does no damage.
The crimson imp hits you but does no damage.
The ufetubus hits you but does no damage.
The ufetubus closely misses you.
You hit the kobold.
You kill the kobold!
The bat closely misses you.
The ufetubus hits you but does no damage. x2
The orc hits you with a +0 morningstar.
The crimson imp hits you but does no damage.
You hit the orc.
The orc is severely wounded.
The bat barely misses you. The bat hits you but does no damage.
The ufetubus hits you but does no damage.
The ufetubus hits you. The bat hits you.
The orc hits you with a +0 morningstar!
* * * LOW HITPOINT WARNING * * *
The orc hits you but does no damage.
The crimson imp hits you but does no damage.
You hit the orc but do no damage.
The orc is poisoned.
The ufetubus hits you but does no damage. x2
The bat closely misses you. The orc hits you with a +0 morningstar.
* * * LOW HITPOINT WARNING * * *
The bat hits you but does no damage.
The ufetubus hits you but does no damage.
The ufetubus hits you.
* * * LOW HITPOINT WARNING * * *
The orc hits you with a +0 dagger.
* * * LOW HITPOINT WARNING * * *
The crimson imp hits you but does no damage.
You hit the orc but do no damage.
The orc looks as sick as possible!
The bat hits you but does no damage.
The ufetubus hits you but does no damage. x2
The orc hits you with a +0 morningstar.
You die...

.###.)##.##..........#
.....######..........#
..#...# ##...#.....## ......#
#..##.......#.. .###.##
#..###........#.. ###### #..#
#.......##.. ....#######..#
#...##.)....
.....##.....####boo.......
...<.........#b5@@r.....#
...............5##o.....####.
..##.....##....s.............
..# .##.##...................
.## .....##..................
.. ..# .......#............ .
.## ##.....##....#.....o. ##
##.....####g##...... #..)>.#
... ......


You could see Eustachio (poisoned), a scorpion, an orc wizard, a crimson imp
(summoned), an ufetubus (summoned), 2 orcs, a quokka (summoned) and 2 bats.

Vanquished Creatures
  A hound (D:4)
  An orc wizard (D:3)
  2 adders (D:3)
  3 dart slugs (D:1)
  5 orcs
  7 ball pythons
  3 bats (D:3)
  2 endoplasms (D:1)
  6 giant cockroaches
  4 goblins
  3 hobgoblins
  2 jackals (D:3)
  A quokka (D:1)
  A frilled lizard (D:1)
  5 kobolds
  5 rats
51 creatures vanquished.

Notes
Turn   | Place    | Note
-------+----------+-------------------------------------------
     0 | D:1      | jagang the Human Monk began the quest for the Orb.
     0 | D:1      | Reached XP level 1. HP: 18/18 MP: 1/1
   236 | D:1      | Reached XP level 2. HP: 18/24 MP: 2/2
   792 | D:1      | Reached XP level 3. HP: 29/29 MP: 3/3
  1025 | D:2      | Reached skill level 1 in Armour
  1165 | D:2      | Identified the +0 scale mail of Integrity {rN+ Str-4 Int+2}
  1676 | D:3      | Reached XP level 4. HP: 12/37 MP: 4/4
  1835 | D:3      | Found a snail-covered altar of Cheibriados.
  1859 | D:3      | Found a white marble altar of Elyvilon.
  2115 | D:3      | Found a shadowy altar of Dithmenos.
  2163 | D:3      | Found a radiant altar of Vehumet.
  2385 | D:3      | Found an ornate altar of the Wu Jian Council.
  2496 | D:4      | Reached XP level 5. HP: 40/42 MP: 5/5
  2536 | D:4      | Noticed Eustachio
  2561 | D:4      | Slain by an orc

Illustrated notes

Levels and vault maps discovered:
D:1:      dpeg_arrival_rooms_with_view, layout_basic
D:2:      layout_loops_ring, minmay_misc_feat_five
D:3:      layout_loops_cross, lemuel_tele_altar,
          mainiacjoe_overflow_tiny_flanked, mainiacjoe_overflow_small_starburst,
          elyvilon_altar_1, pdpol_wu_jian_five_deadly_venoms
D:4:      layout_cave_pools, roderic_roman_lattice, minmay_goblin_kobold_house,
          uniq_eustachio

Skill      XL: |  1  2  3  4 |
---------------+-------------+-----
Armour         | 1 2 |  2.2
Fighting       | 4 |  4.1
Long Blades    | 4 |  4.1
Dodging        | |  3.1

Action                     |  1- 3 |  4- 6 || total
---------------------------+-------+-------++-------
  Melee: Falchion          |    67 |    49 ||   116
         Dagger            |       |    21 ||    21
 Armour: Robe              |    25 |       ||    25
         Chain mail        |    16 |   106 ||   122
  Dodge: Dodged            |    39 |    43 ||    82
